 Dungeon Crawl Stone Soup version 0.20.1-1-g8b1a95d (webtiles) character file.

62 Mesmaeker13 the Charmwright (level 3, -3/33 HPs)
             Began as a Deep Dwarf Skald on Aug 7, 2017.
             Slain by a hog (10 damage)
             ... on level 2 of the Dungeon.
             The game lasted 00:03:39 (1741 turns).

Mesmaeker13 the Charmwright (Deep Dwarf Skald)      Turns: 1741, Time: 00:03:39

Health: -3/33      AC:  7    Str: 12 (15) XL:     3   Next: 85%
Magic:  13/13      EV: 16    Int: 12 (13) God:
Gold:   128        SH:  0    Dex: 16 (17) Spells: 4/5 levels left

rFire    . . .     SeeInvis .   a - +0 spear
rCold    . . .     Gourm    .   (no shield)
rNeg     . . .     Faith    .   r - +0 ring mail
rPois    +         Spirit   .   m - +1 helmet
rElec    .         Reflect  .   (no cloak)
rCorr    .         Harm     .   (no gloves)
MR       .....                  (no boots)
Stlth    ++........             (no amulet)
Regen    0.0/turn               q - ring of poison resistance
MPRegen  0.2/turn               t - ring of magical power

@: agile, very slightly contaminated, non-regenerating, invisible
A: damage resistance, heal wounds, sense surroundings 1, no regeneration
a: Heal Wounds


You were on level 2 of the Dungeon.
You were not hungry.

You visited 1 branch of the dungeon, and saw 3 of its levels.

You collected 128 gold pieces.

Inventory:

Hand Weapons
 a - a +0 spear (weapon)
Missiles
 x - 5 needles of sleeping
Armour
 m - a +1 helmet (worn)
 r - a +0 ring mail (worn)
Jewellery
 q - a ring of poison resistance (left hand)
 t - a ring of magical power (right hand)
Wands
 p - a wand of polymorph (0/24)
Scrolls
 e - 2 scrolls of amnesia {unknown}
 h - 2 scrolls of teleportation {unknown}
 j - 2 scrolls of remove curse {unknown}
 n - 3 scrolls of identify {unknown}
 s - a scroll of enchant armour {unknown}
 v - 2 scrolls of blinking {unknown}
Potions
 k - a potion of cancellation {unknown}
 u - a potion of invisibility
 w - a potion of mutation {unknown}
Books
 c - a book of Battle

   Spells                             Type                      Level
   a - Infusion                       Charms                       1
   b - Shroud of Golubria             Charms/Translocation         2
   c - Song of Slaying                Charms                       2
   d - Spectral Weapon                Hexes/Charms                 3
   e - Regeneration                   Charms/Necromancy            3
Comestibles
 d - a bread ration
 f - a royal jelly
 g - 4 chunks of flesh
 i - a meat ration


   Skills:
 + Level 2.5 Fighting
 + Level 2.6 Polearms
 + Level 2.5 Armour
 - Level 2.1 Dodging
 - Level 1.7 Spellcasting
 - Level 2.6 Charms


You had 4 spell levels left.
You knew the following spells:

 Your Spells              Type           Power        Failure   Level  Hunger
a - Infusion              Chrm           #...         21%         1    ##.....


Dungeon Overview and Level Annotations

Branches:
Dungeon (3/15)

Altars:
Ashenzari
Hepliaklqana


Innate Abilities, Weirdness & Mutations

You are resistant to damage.
You can heal yourself by infusing magical energy.
You passively map a small area around you.
You do not regenerate.


Message History

You fade into invisibility!
The hog closely misses you.
You are very lightly contaminated with residual magic.
The hog barely misses you. The hog closely misses you.
The hog closely misses you. The hog completely misses you.
There is a stone staircase leading up here.
The hog barely misses you. The hog bites you but does no damage.
You climb upwards.
There is a stone staircase leading down here.
You see here a club.
The hog closely misses you. The hog misses you.
The hog bites you but does no damage. The hog barely misses you.
The hog misses you.
You feel a little less clever now. The hog bites you!
You die...

######### #.......# #..####.#
### #..####.#### ##.##
#..#.......#####.#.##########
#.....#.#.......###.........#
#.......##.#####.#....##.##.#
.>......#########.....##(##.#
#.......###.....@<.......##.#
#..............h......#####.#
##..(..###>...........#####.#
......## #...)....#.........#
.....### ##.......#####.#####
####...# #.......# #.# ###.#
#.......# #.# #.# #########
#.# #.####### #.#


You could see a hog.

Vanquished Creatures
  An adder (D:3)
  4 dart slugs
  2 leopard geckos
  7 bats
  8 goblins
  7 hobgoblins
  4 jackals (D:1)
  A frilled lizard (D:3)
  5 kobolds
  A rat (D:2)
40 creatures vanquished.

Notes
Turn   | Place    | Note
-------+----------+-------------------------------------------
     0 | D:1      | Mesmaeker13 the Deep Dwarf Skald began the quest for the Orb.
     0 | D:1      | Reached XP level 1. HP: 19/19 MP: 3/3
   144 | D:1      | Reached XP level 2. HP: 21/26 MP: 4/4
   714 | D:2      | Reached XP level 3. HP: 20/32 MP: 5/5
  1224 | D:2      | Found a shattered altar of Ashenzari.
  1224 | D:2      | Found a hazy altar of Hepliaklqana.
  1693 | D:3      | Noticed a hog
  1693 | D:3      | a worm changed into a hog
  1741 | D:2      | Slain by a hog

Skill      XL: |  1  2 |
---------------+-------+-----
Polearms       | 2 |  2.6
Fighting       | 2 |  2.5
Armour         | 2 |  2.5
Dodging        | |  2.1
Spellcasting   | |  1.7
Charms         | |  2.6

Action                   || total
-------------------------++-------
Melee: Spear             ||   203
 Abil: Heal Wounds       ||     2
Evoke: Wand              ||     4
  Use: Potion            ||     4
 Stab: Sleeping          ||     1
  Eat: Chunk             ||     3
Armor: Leather armour    ||    26
       Ring mail         ||    32
Dodge: Dodged            ||   115
